 Dungeon Crawl Stone Soup version 0.17.0-57-g0e89251 (webtiles) character file.

933 Ijustatesigmund the Conjurer (level 7, -2/40 HPs)
             Began as a Deep Elf Wizard on Dec 7, 2015.
             Was a Follower of Vehumet.
             Slain by a sky beast (3 damage)
             ... on level 5 of the Dungeon.
             The game lasted 00:17:11 (4746 turns).

Ijustatesigmund the Conjurer (Deep Elf Wizard)      Turns: 4746, Time: 00:17:11

Health: -2/40      AC:  3    Str:  4    XL:     7   Next: 86%
Magic:  10/24      EV: 13    Int: 25    God:    Vehumet [*.....]
Gold:   180        SH:  0    Dex: 13    Spells: 5 memorised, 4 levels left

rFire  . . .     SeeInvis .     j - +1 rapier
rCold  . . .     Clarity  .     a - +0 robe
rNeg   . . .     SustAt   .     (no shield)
rPois  .         Gourm    .     b - +0 hat
rElec  .         Spirit   .     (no cloak)
rCorr  .         Warding  .     z - +0 pair of gloves
rMut   .         Stasis   .     (no boots)
MR     .....                    (no amulet)
Stlth  ++........               (no ring)
                                l - ring of magical power

@: very slightly contaminated, repel missiles, not resistant to hostile
enchantments, unstealthy
A: no striking features
a: Renounce Religion


You were on level 5 of the Dungeon.
You worshipped Vehumet.
Vehumet was aware of your devotion.
You were hungry.

You visited 1 branch of the dungeon, and saw 5 of its levels.

You collected 180 gold pieces.

Inventory:

Hand Weapons
 j - a +1 rapier (weapon)
 s - a +1 great sword of holy wrath
Missiles
 y - 3 tomahawks of dispersal (quivered)
Armour
 a - a +0 robe (worn)
 b - a +0 hat (worn)
 z - a +0 pair of gloves (worn)
Jewellery
 l - a ring of magical power (left hand)
Wands
 k - a wand of cold (7)
 m - a wand of enslavement (14)
 w - a wand of fire (6)
Scrolls
 r - a scroll of fear
 t - a scroll of remove curse
 u - 2 scrolls of teleportation
Potions
 e - a potion of brilliance {unknown}
 h - 2 potions of heal wounds
 i - a potion of might
 n - a potion of haste
 p - a potion of ambrosia {unknown}
 q - a potion of invisibility
 v - a potion of lignification {unknown}
Books
 c - a book of Minor Magic

   Spells                             Type                      Level
   a - Magic Dart                     Conjuration                  1
   b - Blink                          Translocation                2
   c - Call Imp                       Summoning                    2
   d - Repel Missiles                 Charms/Air                   2
   e - Slow                           Hexes                        2
   f - Conjure Flame                  Conjuration/Fire             3
   g - Mephitic Cloud                 Conjuration/Poison/Air       3
Comestibles
 d - 3 bread rations
 f - a slice of pizza
 g - a meat ration


   Skills:
 - Level 2.0 Fighting
 + Level 3.2 Dodging
 - Level 2.4 Stealth
 - Level 4.6 Spellcasting
 + Level 6.1 Conjurations
   Level 1.1 Summonings
 - Level 3.0 Translocations
 - Level 3.1 Fire Magic
 - Level 3.0 Air Magic
 - Level 3.1 Poison Magic


You had 4 spell levels left.
You knew the following spells:

 Your Spells              Type           Power        Failure   Level  Hunger
a - Magic Dart            Conj           ####         1%          1    None
b - Blink                 Tloc           N/A          4%          2    None
c - Repel Missiles        Chrm/Air       ##....       10%         2    None
d - Mephitic Cloud        Conj/Pois/Air  ####....     6%          3    ##.....
e - Conjure Flame         Conj/Fire      ####....     4%          3    ##.....


Dungeon Overview and Level Annotations

Branches:
Dungeon (5/15)
 Temple: D:4-7

Altars:
Ashenzari
Cheibriados
Vehumet
The Shining One


Message History

Aiming: Magic Dart
Press: ? - help, Shift-Dir - straight line, f/p - crimson imp
Aim: a crimson imp (heavily wounded)
The magic dart hits the crimson imp.
The crimson imp is heavily wounded.
The crimson imp blinks!
The sky beast hits you.
* * * LOW HITPOINT WARNING * * *
The sky beast shocks you.
* * * LOW HITPOINT WARNING * * *
Casting: Magic Dart
Confirm with . or Enter, or press ? or * to list all spells.
Aiming: Magic Dart
Press: ? - help, Shift-Dir - straight line, f/p - crimson imp
Aim: a crimson imp (heavily wounded)
The magic dart hits the crimson imp.
The crimson imp is almost dead.
The sky beast flickers out of sight!
Deactivating autopickup; reactivate with Ctrl-A.
Something hits you.
You die...

## .# .# .## ..#
### ##..###.. ###
...# ##{.......
..# #..###
###.@......# <.#
#...###..........#
..#
#...........5...#
.##
#................
.#
##................
.#
#.....######.....#
## ##...### #...##
## #...## #..# (#
#...# #..##


You could see a crimson imp.

Vanquished Creatures
  A phantom (D:4)
  2 centaurs (D:5)
  2 ogres
  A giant frog (D:3)
  A water moccasin skeleton (D:4)
  3 crimson imps
  An orc priest (D:5)
  A giant frog zombie (D:5)
  A giant frog skeleton (D:4)
  3 worker ants (D:5)
  4 gnolls (D:5)
  6 adders
  An ooze (D:5)
  3 worms
  A giant gecko (D:1)
  7 orcs
  7 hobgoblins
  5 jackals
  4 bats
  7 giant cockroaches
  7 giant newts
  5 goblins
  5 kobolds
  6 rats
84 creatures vanquished.

Vanquished Creatures (collateral kills)
  An orc priest (D:5)
1 creature vanquished.

Vanquished Creatures (others)
  An orc (D:5)
1 creature vanquished.

Grand Total: 86 creatures vanquished

Notes
Turn   | Place    | Note
--------------------------------------------------------------
     0 | D:1      | Ijustatesigmund the Deep Elf Wizard began the quest for the Orb.
     0 | D:1      | Reached XP level 1. HP: 10/10 MP: 7/7
   234 | D:1      | You fall through a shaft!
   498 | D:2      | Reached XP level 2. HP: 10/15 MP: 1/9
   675 | D:2      | Learned a level 2 spell: Blink
   678 | D:2      | Learned a level 2 spell: Repel Missiles
   947 | D:1      | Reached XP level 3. HP: 13/19 MP: 0/11
   952 | D:1      | Learned a level 3 spell: Mephitic Cloud
   956 | D:1      | Learned a level 3 spell: Conjure Flame
  1400 | D:2      | Found a snail-covered altar of Cheibriados.
  1560 | D:2      | Found a faded altar to an unknown god.
  1612 | D:2      | Found a glowing golden altar of the Shining One.
  1942 | D:3      | Reached skill level 1 in Fire Magic
  1942 | D:3      | Reached XP level 4. HP: 24/24 MP: 12/12
  1966 | D:3      | Found a radiant altar of Vehumet.
  1970 | D:3      | Became a worshipper of Vehumet
  1991 | D:3      | Noticed a giant frog
  1998 | D:3      | Killed a giant frog
  1998 | D:3      | Reached skill level 1 in Air Magic
  1998 | D:3      | Reached skill level 1 in Poison Magic
  2021 | D:3      | Reached XP level 5. HP: 23/28 MP: 13/13
  2644 | D:4      | Noticed an ogre
  2704 | D:4      | Killed an ogre
  2947 | D:4      | Reached XP level 6. HP: 26/32 MP: 13/14
  3025 | D:4      | Noticed a phantom
  3048 | D:4      | Killed a phantom
  3457 | D:5      | Entered Level 5 of the Dungeon
  3476 | D:5      | Reached XP level 7. HP: 19/36 MP: 11/15
  3568 | D:5      | Reached skill level 5 in Conjurations
  3589 | D:5      | Found a shattered altar of Ashenzari.
  3669 | D:5      | Reached * piety under Vehumet
  3669 | D:5      | Offered knowledge of Flame Tongue by Vehumet.
  4064 | D:5      | Reached skill level 1 in Fighting
  4371 | D:5      | Reached skill level 6 in Conjurations
  4745 | D:5      | HP: 1/40 [sky beast (5)]
  4746 | D:5      | Slain by a sky beast

Action                   |  1- 3 |  4- 6 |  7- 9 || total
-------------------------+-------+-------+-------++-------
Melee: Short sword       |    22 |       |       ||    22
       Rapier            |     3 |       |       ||     3
       Great sword       |       |     7 |       ||     7
 Cast: Magic Dart        |   105 |   115 |    94 ||   314
       Repel Missiles    |     1 |     1 |     1 ||     3
       Blink             |       |     2 |       ||     2
       Mephitic Cloud    |       |     2 |    15 ||    17
Evoke: Wand              |       |       |     2 ||     2
  Use: Scroll            |     8 |     3 |     2 ||    13
       Potion            |     2 |     1 |     1 ||     4
  Eat: Chunk             |     3 |     3 |     1 ||     7
       Beef jerky        |       |     1 |     2 ||     3
